 Dungeon Crawl Stone Soup version 0.28-a0-1404-g4df0f3684d (webtiles) character file.

Game seed: 4193321776499536362

2926 HallandMoats the Cudgeller (level 9, -2/56 HPs)
             Began as a Gargoyle Fighter on Jan 5, 2022.
             Was an Initiate of Okawaru.
             Killed by divine providence
             ... invoked by an orc priest
              (14 damage)
             ... on level 8 of the Dungeon.
             The game lasted 00:10:54 (8909 turns).

HallandMoats the Cudgeller (Gargoyle Fighter)       Turns: 8909, Time: 00:10:55

Health: -2/56      AC: 23    Str: 20    XL:     9   Next: 79%
Magic:  12/12      EV:  8    Int: 15    God:    Okawaru [......]
Gold:   494        SH:  5    Dex: 16    Spells: 8/8 levels left

rFire   . . .      SeeInvis .   b - +4 flail of Death's Door {vorpal, Dex+3}
rCold   + . .      Faith    .   c - +0 buckler
rNeg    + . .      Spirit   .   v - +3 plate armour
rPois   ∞          Reflect  .   (no helmet)
rElec   +          Harm     .   (no cloak)
rCorr   .          Rampage  .   m - +0 pair of gloves
Will    .....                   (no boots)
Stlth   ..........              (no amulet)
HPRegen 0.18/turn               g - +6 ring of intelligence
MPRegen 0.13/turn               r - ring of protection from cold

@: no status effects
A: sickness immunity, AC +6, negative energy resistance 1, electricity
resistance, torment resistance 1, petrification resistance
a: Renounce Religion


You were on level 8 of the Dungeon.
You worshipped Okawaru.
Okawaru was noncommittal.
You visited 2 branches of the dungeon, and saw 10 of its levels.
You also visited: Sewer.

You collected 494 gold pieces.

Inventory:

Hand Weapons
 a - a +2 whip of electrocution
 b - the +4 flail of Death's Door (weapon) {vorpal, Dex+3}
   (You found it on level 5 of the Dungeon)

   It inflicts extra damage upon your enemies.
   Dex:       It affects your dexterity (+3).
Armour
 c - a +0 buckler (worn)
 j - a +0 scale mail
 m - a +0 pair of gloves (worn)
 v - a +3 plate armour (worn)
Jewellery
 g - a +6 ring of intelligence (left hand)
 r - a ring of protection from cold (right hand)
Scrolls
 d - a scroll of enchant weapon
 f - 3 scrolls of fear
 h - 4 scrolls of identify
 n - a scroll of fog
 o - 3 scrolls of teleportation
 q - a scroll of brand weapon {unknown}
 s - a scroll of immolation {unknown}
 u - a scroll of vulnerability {unknown}
 w - a scroll of holy word {unknown}
 x - 2 scrolls of amnesia {unknown}
 y - a scroll of blinking {unknown}
Potions
 e - 8 potions of flight
 i - a potion of invisibility {unknown}
 k - 5 potions of curing
 l - 2 potions of heal wounds
 p - a potion of ambrosia {unknown}
 t - a potion of haste {unknown}


   Skills:
 + Level 6.3 Fighting
 * Level 7.3 Maces & Flails
 + Level 6.2 Armour
 * Level 5.7 Dodging
 - Level 4.0 Shields
 + Level 5.0 Invocations


You had 8 spell levels left.
You didn't know any spells.
Your spell library contained the following spells:

 Spells                   Type           Power      Damage    Failure   Level
 Pain                     Necr           0%         1d4       100%        1
 Vampiric Draining        Necr           0%         2d6       100%        3
 Airstrike                Air            0%         N/A       100%        4
 Lightning Bolt           Conj/Air       0%         1d11      100%        5
 Animate Skeleton         Necr           Unusable   N/A       N/A         1
 Summon Lightning Spire   Summ/Air       Unusable   N/A       N/A         4

Dungeon Overview and Level Annotations

Branches:
Dungeon (9/15)             Temple (1/1) D:7           Sewer (visited)
   Lair: D:8-11         Orc: D:9-12

Altars:
Ashenzari
Cheibriados
Dithmenos
Elyvilon
Fedhas
Gozag
Hepliaklqana
Kikubaaqudgha
Makhleb
Nemelex Xobeh
Okawaru
Qazlal
Ru
Sif Muna
Trog
Uskayaw
Vehumet
Wu Jian
Xom
Yredelemnul
Zin
The Shining One


Innate Abilities, Weirdness & Mutations

You are immune to sickness and miasma.
Your stone body is resilient. (AC +6)
You are immune to poison.
You resist negative energy. (rN+)
You are resistant to electric shocks. (rElec)
You are resistant to unholy torment.
You are immune to petrification.


Message History

The orc warrior closely misses you.
You hit the orc warrior but do no damage.
The orc warrior is lightly wounded.
You block the orc warrior's attack.
You sock the orc warrior!
The orc warrior is moderately wounded.
You block the orc warrior's attack.
The orc warrior hits you with a +0 glaive.
You sock the orc warrior!
The orc warrior is almost dead.
The orc warrior hits you but does no damage.
You hit the orc warrior.
You kill the orc warrior!
Okawaru accepts your kill.
No target in view!
Found 22 stones.
Things that are here:
a +0 glaive; a +0 plate armour You see here a ring of poison resistance.
Drop what? 25/52 slots (_ for help) (? for menu, Esc to quit)
Okay, then.
An orc priest is nearby!
An orc priest is nearby!
An orc priest is nearby!
The orc priest mumbles some strange prayers to Beogh against you.
Beogh smites you!
The orc priest invokes the aid of Beogh against you.
Beogh smites you!
You are too injured to fight recklessly!
You are too injured to fight recklessly!
You are too injured to fight recklessly!
You are too injured to fight recklessly!
You are too injured to fight recklessly!
You barely miss the orc priest.
The orc priest hits you with a +0 war axe.
* * * LOW HITPOINT WARNING * * *
You closely miss the orc priest.
The orc priest mumbles some strange prayers to Beogh against you.
Beogh smites you!
You die...

#o#........#
#...$......#
#.#o.......# ###
#.#........# ...
#.#..<.....# #.##
#.#.......)#
#..####..#########
#....o>......#
##.)..@........
#).............
#<.............
#.........(....
#.....=........
#..............
##.............
##.....#.....#
#############


You could see an orc priest.

Vanquished Creatures
  A water moccasin (D:7)
  3 sky beasts
  4 orc warriors
  A black bear (D:5)
  An ice beast (D:6)
  A necrophage (D:5)
  3 ogres
  3 centaurs
  2 phantoms (D:4)
  3 bullfrogs
  3 scorpions
  2 water moccasin skeletons
  A centaur zombie (D:5)
  3 hounds
  An orc priest (D:7)
  2 centaur skeletons (D:7)
  2 jellies
  Terence (D:3)
  2 bullfrog skeletons
  2 iguanas
  4 orc wizards
  A hound skeleton (D:4)
  11 adders
  5 river rats
  3 white imps
  An ufetubus (D:7)
  An adder skeleton (D:4)
  2 worms
  16 orcs
  7 endoplasms
  6 giant cockroaches
  7 goblins
  7 hobgoblins
  4 jackals (Sewer)
  10 quokkas
  6 ball pythons
  20 bats
  3 frilled lizards
  6 kobolds
  3 rats
164 creatures vanquished.

Notes
Turn   | Place    | Note
-------+----------+-------------------------------------------
     0 | D:1      | HallandMoats the Gargoyle Fighter began the quest for the
                  | Orb.
     0 | D:1      | Reached XP level 1. HP: 14/14 MP: 1/1
   322 | D:1      | Reached XP level 2. HP: 17/19 MP: 2/2
   578 | D:1      | Found a faded altar of an unknown god.
  1049 | D:2      | Reached XP level 3. HP: 23/23 MP: 3/3
  1076 | D:2      | Reached skill level 1 in Dodging
  1456 | D:2      | Reached skill level 1 in Invocations
  1456 | D:2      | Reached XP level 4. HP: 16/28 MP: 4/4
  2556 | D:3      | Noticed Terence
  2567 | D:3      | Killed Terence
  2568 | D:3      | Reached skill level 3 in Maces & Flails
  2568 | D:3      | Reached XP level 5. HP: 26/33 MP: 4/6
  3145 | D:4      | Found a glowing drain.
  3165 | Sewer    | Entered a sewer
  3814 | Sewer    | Reached XP level 6. HP: 38/38 MP: 7/7
  5231 | D:4      | Reached skill level 4 in Maces & Flails
  5401 | D:4      | Reached XP level 7. HP: 34/43 MP: 8/8
  5624 | D:5      | Entered Level 5 of the Dungeon
  5764 | D:5      | Identified the +4 flail of Death's Door {vorpal, Dex+3}
  6238 | D:5      | Reached skill level 5 in Maces & Flails
  6238 | D:5      | Reached XP level 8. HP: 48/48 MP: 10/10
  6403 | D:4      | Reached skill level 5 in Fighting
  6604 | D:4      | Reached skill level 5 in Armour
  7081 | D:6      | Reached skill level 6 in Maces & Flails
  7287 | D:6      | Reached XP level 9. HP: 22/54 MP: 10/12
  7895 | D:7      | You fall into a shaft and drop 2 floors!
  8036 | D:7      | Found a staircase to the Ecumenical Temple.
  8053 | D:7      | Reached skill level 5 in Dodging
  8100 | Temple   | Entered the Ecumenical Temple
  8331 | Temple   | Became a worshipper of Warmaster Okawaru
  8420 | D:7      | Reached skill level 7 in Maces & Flails
  8621 | D:7      | Found a stormy altar of Qazlal.
  8875 | D:8      | Reached skill level 5 in Invocations
  8909 | D:8      | Killed from afar by an orc priest

Illustrated notes

Levels and vault maps discovered:
D:1:      lordsloth_arrival_two_stooges, layout_loops_ring,
          shapermc_ecumenical_altar_mp_highgroup
D:2:      layout_basic
D:3:      layout_loops_ring, uniq_terence
D:4:      layout_loops_cross, cheibrodos_sewer_entry_sluice,
          nicolae_elevator_lobby_plus
D:5:      layout_cave_pods
D:6:      layout_basic
D:7:      layout_rooms, grunt_qazlal_clouds, minmay_temple_entry_mini_moons
D:8:      layout_rooms, ploomutoo_gammafunk_ghost_potion_laboratory
D:9:      layout_cave_pools, minmay_shattered_shrine
Temple:   kilobyte_greek_temple

Skill      XL: |  1  2  3  4  5  6  7  8  9 |
---------------+----------------------------+-----
Dodging        | 1 2 3 4 5 |  5.7
Invocations    | 1 2 3 4 5 |  5.0
Maces & Flails | 3 4 5 6 7 |  7.3
Shields        | 4 |  4.0
Fighting       | 4 5 6 |  6.3
Armour         | 4 5 6 |  6.2

Action                   |  1- 3 |  4- 6 |  7- 9 || total
-------------------------+-------+-------+-------++-------
Melee: Flail             |    54 |       |   201 ||   255
       Whip              |    62 |   250 |    38 ||   350
  Use: Potion            |       |     1 |     2 ||     3
       Scroll            |       |       |     8 ||     8
Armor: Scale mail        |    69 |   150 |    77 ||   296
       Plate armour      |       |       |    87 ||    87
Dodge: Dodged            |    73 |   130 |   122 ||   325
Block: Buckler           |    20 |    61 |    58 ||   139

Table legend: (Time is in decaauts)
 A = Elapsed time spent in this place.
 B = Non-inter-level travel time spent in this place.
 C = Inter-level travel time spent in this place.
 D = Time resting spent in this place.
 E = Time spent auto-exploring this place.
 F = Levels seen in this place.
 G = Mean time per level.
                   A        B        C        D        E       F      G
               +--------+--------+--------+--------+--------+-----+--------+
         Total |   9117 |   8775 |    342 |   1329 |   5936 |  11 |  828.8 |
       Dungeon |   7639 |   7330 |    309 |   1050 |   5071 |   9 |  848.8 |
        Temple |    265 |    232 |     33 |      0 |    222 |   1 |  265.0 |
         Sewer |   1213 |   1213 |      0 |    279 |    643 |   1 | 1213.0 |
               +--------+--------+--------+--------+--------+-----+--------+

Top non-repeatable levels by time:
     D:4: 1501 daAuts
     D:3: 1266 daAuts
   Sewer: 1213 daAuts
     D:2: 1104 daAuts
     D:1: 1052 daAuts
     D:5: 975 daAuts
     D:6: 952 daAuts
     D:7: 701 daAuts
  Temple: 265 daAuts
     D:8: 62 daAuts
     D:9: 21 daAuts
